 Dungeon Crawl Stone Soup version 0.31-a0-986-g5e6e4ef867 (webtiles) character file.

Game seed: 467320938324272123

359 DocClef the Ruffian (level 6, -1/47 HPs)
             Began as a Gnoll Shapeshifter on Nov 22, 2023.
             Shot with an arrow by a centaur (12 damage)
             ... on level 4 of the Dungeon.
             The game lasted 00:04:55 (3414 turns).

DocClef the Ruffian (Gnoll Shapeshifter)            Turns: 3414, Time: 00:04:56

Health: -1/47      AC:  8    Str: 15    XL:     6   Next: 65%
Magic:  9/9        EV: 15    Int: 10    God:
Gold:   206        SH:  0    Dex: 11    Spells: 9/9 levels left

rFire   + . .        u - +3 dagger
rCold   . . .        (no shield)
rNeg    . . .        B - +2 scale mail {rF+}
rPois   .            (helmet currently unavailable)
rElec   .            (cloak currently unavailable)
rCorr   .            (gloves currently unavailable)
SInv    .            (boots currently unavailable)
Will    +....        (no amulet) Stlth
                     k - ring of willpower
HPRegen 0.27/turn    s - +5 ring of evasion
MPRegen 0.11/turn

%: no passive effects
@: beast-form
A: beast (slay +3), fangs 1, strong nose, distributed training
a: Begin Untransformation


You were on level 4 of the Dungeon.
You were a hulking beast.
You visited 1 branch of the dungeon, and saw 4 of its levels.

You collected 206 gold pieces.

Inventory:

Hand Weapons
 g - a +0 short sword
 u - a +3 dagger (weapon)
Armour
 a - a +0 helmet
 t - a +0 chain mail
 w - a +0 pair of boots
 B - a +2 scale mail of fire resistance (worn)
Jewellery
 f - a ring of flight
 k - a ring of willpower (left hand)
 n - a ring of see invisible
 s - a +5 ring of evasion (right hand)
 v - a ring of ice
 z - a +6 ring of intelligence
Talismans
 c - a beast talisman
 d - a flux talisman
Wands
 b - a wand of polymorph (12)
 y - a wand of iceblast (20)
Scrolls
 e - a scroll of amnesia {unknown}
 h - a scroll of enchant weapon {unknown}
 l - a scroll of poison {unknown}
 m - 4 scrolls of identify {unknown}
 p - a scroll of immolation {unknown}
 q - a scroll of teleportation {unknown}
 D - a scroll of noise {unknown}
Potions
 i - a potion of heal wounds
 j - a potion of resistance {unknown}
 o - 3 potions of degeneration {unknown}
 r - 2 potions of cancellation {unknown}
 x - 4 potions of curing {unknown}
 A - a potion of might {unknown}
 C - 2 potions of lignification
 E - 2 potions of mutation {unknown}


   Skills:
 + Level 3.3 Fighting
 + Level 2.1 Short Blades
 + Level 2.1 Long Blades
 + Level 2.1 Axes
 + Level 2.1 Maces & Flails
 + Level 2.1 Polearms
 + Level 2.1 Staves
 + Level 2.1 Ranged Weapons
 + Level 2.1 Throwing
 + Level 2.1 Armour
 + Level 5.0 Dodging
 + Level 2.1 Stealth
 + Level 2.1 Shields
 + Level 6.9 Unarmed Combat
 + Level 2.1 Spellcasting
 + Level 1.6 Conjurations
 + Level 1.6 Hexes
 + Level 1.6 Summonings
 + Level 1.6 Necromancy
 + Level 1.6 Translocations
 + Level 1.6 Transmutations
 + Level 1.6 Fire Magic
 + Level 1.6 Ice Magic
 + Level 1.6 Air Magic
 + Level 1.6 Earth Magic
 + Level 1.6 Poison Magic
 + Level 2.3 Invocations
 + Level 2.1 Evocations
 + Level 6.8 Shapeshifting


You had 9 spell levels left.
You didn't know any spells.
Your spell library contained the following spells:

 Spells                   Type           Power      Damage    Failure   Level
 Sandblast                Erth           8%         2d5       52%         1
 Passwall                 Tmut/Erth      3%         N/A       67%         2
 Stone Arrow              Conj/Erth      8%         3d7       88%         3
 Brom's Barrelling Bould  Conj/Erth      4%         2d3       99%         4


Dungeon Overview and Level Annotations

Branches:
Dungeon (4/15)
 Temple: D:4-7

Altars:


Innate Abilities, Weirdness & Mutations

You are a hulking beast.
Your limbs bulge with bestial killing power. (Slay +3)
You have very sharp teeth.
Your uncanny sense of smell can sniff out nearby items.
Your experience applies equally to all skills.


Message History

A gnoll is nearby!
The gnoll shouts!
You hear a shout! x2
A centaur comes into view.
Found a +0 spear.
The centaur shouts!
You hear a shout!
The centaur wields a +0 orcbow.
The centaur shoots an arrow.
The arrow hits you.
You hear a shout!
The centaur shoots an arrow.
The arrow hits you.
You puncture the gnoll! You punch the gnoll.
The gnoll is almost dead.
The gnoll closely misses you.
You completely miss the gnoll. You punch the gnoll.
The gnoll is almost dead.
The gnoll hits you with a +0 club.
You closely miss the gnoll.
The gnoll is almost dead.
The gnoll hits you with a +0 club.
You hit the gnoll.
You kill the gnoll!
A centaur and 2 gnolls come into view.
A gnoll is wielding a +1 spear of flaming.
The centaur shouts!
The gnoll shouts!
The centaur shoots an arrow.
The arrow hits you!
A gnoll comes into view. It is wielding a +0 spear.
The centaur shoots an arrow.
The arrow hits you!
* * * LOW HITPOINT WARNING * * *
Things that are here:
a +0 club; a gnoll corpse You feel much better.
The centaur shoots an arrow.
The arrow closely misses you.
The gnoll hits you from afar with a +1 spear of flaming!
The gnoll burns you.
The centaur shoots an arrow.
The arrow closely misses you.
The centaur shoots an arrow.
The arrow hits you!
* * * LOW HITPOINT WARNING * * *
The centaur wields a +0 shortbow.
The centaur shoots an arrow.
The arrow completely misses you.
The centaur shoots an arrow.
The arrow hits you!
You die...

##
#...............#.#....
#..####....#.#..)....#.
∆
#..####.#......≈...≈...
#.......#.#.≈....#....≈
.......#.#.#....≈...≈...
######.#.#.#).#.......#.
.........#.#)...........
.........<..)###........
######.h##.#.........###
#..##.#.####....###
##)##.#.######....#
.....g..................
.g..#.gcc.............##
.# .....................
##......########....##
#......# ##...... ∆
).##.### ###.....##


You could see 2 centaurs and a gnoll.

Vanquished Creatures
  An orc priest (D:4)
  An iguana (D:4)
  Terence (D:2)
  A sleepcap (D:3)
  Robin (D:2)
  7 gnolls
  8 adders
  3 worms (D:2)
  2 dart slugs (D:2)
  5 orcs (D:4)
  5 ball pythons
  4 bats
  4 endoplasms
  2 giant cockroaches (D:2)
  11 hobgoblins
  2 jackals (D:1)
  5 kobolds
  3 quokkas
  4 frilled lizards
  19 goblins
  3 rats (D:1)
92 creatures vanquished.

Notes
Turn   | Place    | Note
-------+----------+-------------------------------------------
     0 | D:1      | DocClef the Gnoll Shapeshifter began the quest for the Orb.
     0 | D:1      | Reached XP level 1. HP: 17/17 MP: 1/1
    37 | D:1      | Reached XP level 2. HP: 3/23 MP: 2/2
   538 | D:1      | Reached XP level 3. HP: 20/28 MP: 3/3
   854 | D:2      | Reached skill level 1 in Invocations
   939 | D:2      | Noticed Terence
   946 | D:2      | Reached skill level 1 in Short Blades
   946 | D:2      | Reached skill level 1 in Long Blades
   946 | D:2      | Reached skill level 1 in Axes
   946 | D:2      | Reached skill level 1 in Maces & Flails
   946 | D:2      | Reached skill level 1 in Polearms
   946 | D:2      | Reached skill level 1 in Staves
   946 | D:2      | Reached skill level 1 in Ranged Weapons
   946 | D:2      | Reached skill level 1 in Throwing
   946 | D:2      | Reached skill level 1 in Armour
   946 | D:2      | Reached skill level 1 in Stealth
   946 | D:2      | Reached skill level 1 in Shields
   946 | D:2      | Reached skill level 1 in Spellcasting
   946 | D:2      | Reached skill level 1 in Evocations
   987 | D:2      | Killed Terence
   988 | D:2      | Reached XP level 4. HP: 12/34 MP: 5/5
  1137 | D:2      | Reached skill level 1 in Conjurations
  1137 | D:2      | Reached skill level 1 in Hexes
  1137 | D:2      | Reached skill level 1 in Summonings
  1137 | D:2      | Reached skill level 1 in Necromancy
  1137 | D:2      | Reached skill level 1 in Translocations
  1137 | D:2      | Reached skill level 1 in Transmutations
  1137 | D:2      | Reached skill level 1 in Fire Magic
  1137 | D:2      | Reached skill level 1 in Ice Magic
  1137 | D:2      | Reached skill level 1 in Air Magic
  1137 | D:2      | Reached skill level 1 in Earth Magic
  1137 | D:2      | Reached skill level 1 in Poison Magic
  1355 | D:2      | Noticed Robin
  1366 | D:2      | Reached XP level 5. HP: 28/40 MP: 5/7
  1404 | D:2      | Killed Robin
  2741 | D:3      | Reached XP level 6. HP: 47/47 MP: 8/8
  2798 | D:4      | Reached skill level 5 in Dodging
  3414 | D:4      | Shot with an arrow by a centaur

Illustrated notes

Levels and vault maps discovered:
D:1:      shiori_arrival_maze, layout_basic, chequers_avenue, st_stairs_4,
          minmay_splitting_lines, chequers_serial_rivers_small_a,
          minmay_pentomino_z4
D:2:      layout_rooms, serial_park_tiny_1, chequers_serial_rivers_micro_c,
          corexii_leaking_fountain, uniq_robin, uniq_terence
D:3:      layout_loops_ring
D:4:      layout_basic, dk_noncrumbling_4, mrwooster_statue_mirror,
          nicolae_kite_square_tiling_tiny, minmay_manual_mares

Skill      XL: |  1  2  3  4  5  6 |
---------------+-------------------+-----
Invocations    | 1 2 |  2.3
Short Blades   | 1 2 |  2.1
Long Blades    | 1 2 |  2.1
Axes           | 1 2 |  2.1
Maces & Flails | 1 2 |  2.1
Polearms       | 1 2 |  2.1
Staves         | 1 2 |  2.1
Ranged Weapons | 1 2 |  2.1
Throwing       | 1 2 |  2.1
Armour         | 1 2 |  2.1
Stealth        | 1 2 |  2.1
Shields        | 1 2 |  2.1
Spellcasting   | 1 2 |  2.1
Evocations     | 1 2 |  2.1
Conjurations   | 1 |  1.6
Hexes          | 1 |  1.6
Summonings     | 1 |  1.6
Necromancy     | 1 |  1.6
Translocations | 1 |  1.6
Transmutations | 1 |  1.6
Fire Magic     | 1 |  1.6
Ice Magic      | 1 |  1.6
Air Magic      | 1 |  1.6
Earth Magic    | 1 |  1.6
Poison Magic   | 1 |  1.6
Fighting       | 3 |  3.3
Dodging        | 5 |  5.0
Unarmed Combat | |  6.9
Shapeshifting  | |  6.8

Action                     |  1- 3 |  4- 6 || total
---------------------------+-------+-------++-------
  Melee: Unarmed           |    16 |       ||    16
         Bite              |     6 |    18 ||    24
         Short sword       |   101 |    80 ||   181
         Club              |     5 |       ||     5
         Punch             |     5 |     8 ||    13
         Dagger            |       |   118 ||   118
    Use: Potion            |     2 |     1 ||     3
 Armour: Animal skin       |    37 |     8 ||    45
         Skin              |    25 |       ||    25
         Chain mail        |       |    57 ||    57
         Scale mail        |       |    26 ||    26
  Dodge: Dodged            |    46 |   133 ||   179

Table legend: (Time is in decaauts)
 A = Elapsed time spent in this place.
 B = Non-inter-level travel time spent in this place.
 C = Inter-level travel time spent in this place.
 D = Time resting spent in this place.
 E = Time spent auto-exploring this place.
 F = Levels seen in this place.
 G = Mean time per level.
                   A        B        C        D        E       F      G
               +--------+--------+--------+--------+--------+-----+--------+
         Total |   3388 |   3263 |    125 |    179 |   2411 |   4 |  847.0 |
       Dungeon |   3388 |   3263 |    125 |    179 |   2411 |   4 |  847.0 |
               +--------+--------+--------+--------+--------+-----+--------+

Top non-repeatable levels by time:
     D:3: 921 daAuts
     D:1: 841 daAuts
     D:2: 831 daAuts
     D:4: 794 daAuts
